 Dungeon Sprint DCSS version 0.27-a0-633-gc6addc0a40 (webtiles) character file.

Game seed: 15088145775304524200

10406 mhtbhm the Fencer (level 11, -12/153 HPs)
             Began as a Human Berserker on Mar 13, 2021.
             Was the Champion of Trog.
             Mangled by a crystal guardian (23 damage)
             ... in the Dungeon (Sprint III: "The Ten Rune Challenge").
             The game lasted 00:06:00 (2904 turns).

mhtbhm the Fencer (Human Berserker)                 Turns: 2904, Time: 00:06:00

Health: -12/153    AC: 15    Str: 21    XL:     11   Next: 92%
Magic:  11/11      EV:  9    Int:  7    God:    Trog [******]
Gold:   1083       SH: 14    Dex: 13    Spells: 10/10 levels left

rFire    + . .     SeeInvis .   a - +5 long sword (flame)
rCold    . . .     Faith    .   m - +0 kite shield {reflect}
rNeg     . . .     Spirit   .   b - +2 chain mail {rF+}
rPois    +         Reflect  +   (helmet restricted)
rElec    .         Harm     .   r - scarf {repulsion}
rCorr    .         Rampage  .   (no gloves)
Will     .....     NoTele   +   (no boots)
Stlth    ..........             u - amulet of reflection
HPRegen  0.35/turn              t - ring of poison resistance
MPRegen  0.12/turn              (no ring)

@: berserking (expiring), repel missiles, very quick
A: antennae 1, thin metallic scales 1
a: Renounce Religion, Berserk, Trog's Hand, Brothers in Arms


You were in the Dungeon.
You worshipped Trog.
Trog was exalted by your worship.
You visited 1 branch You collected 2430 gold pieces.
You spent 1347 gold pieces at shops.

Inventory:

Hand Weapons
 a - a +5 long sword of flaming (weapon)
 o - a +2 long sword of holy wrath
Missiles
 e - 7 curare-tipped darts
Armour
 b - a +2 chain mail of fire resistance (worn)
 m - a +0 kite shield of reflection (worn)
 r - a scarf of repulsion (worn)
Jewellery
 t - a ring of poison resistance (right hand)
 u - an amulet of reflection (around neck)
Wands
 n - a wand of mindburst (10)
Scrolls
 h - a scroll of blinking
 j - a scroll of holy word
 k - 2 scrolls of identify
 q - a scroll of enchant armour
Potions
 c - 3 potions of curing
 d - 2 potions of heal wounds
 f - 2 potions of magic
 g - a potion of berserk rage
 i - a potion of mutation
 l - 3 potions of flight
 s - a potion of haste
Miscellaneous
 p - a box of beasts


   Skills:
 + Level 15.3 Fighting
 + Level 17.3 Long Blades
 + Level 10.7 Armour
 + Level 10.1 Dodging
 + Level 6.1 Stealth
 + Level 2.6 Shields


You had 10 spell levels left.
You didn't know any spells.
Your spell library was empty.

Dungeon Overview and Level Annotations

Branches:
Dungeon (1/1)

Altars:
Cheibriados
Dithmenos
Elyvilon
Fedhas
Gozag
Hepliaklqana
Kikubaaqudgha
Makhleb
Nemelex Xobeh
Okawaru
Qazlal
Ru
Sif Muna
Trog
Uskayaw
Vehumet
Wu Jian
Xom
Yredelemnul
Zin
The Shining One
Beogh
Jiyva
Lugonu

Shops:
D :*:(?=![(:[(

Annotations:
D exclusion: obsidian statue


Innate Abilities, Weirdness & Mutations

You have a pair of small antennae on your head.
You are partially covered in thin metallic scales. (AC +2)


Message History

You are too injured to fight recklessly!
You are too injured to fight recklessly!
You are too injured to fight recklessly!
You are too injured to fight recklessly!
You are too injured to fight recklessly!
You are too injured to fight recklessly!
You are too injured to fight recklessly!
You are too injured to fight recklessly!
You are too injured to fight recklessly!
You hit the crystal guardian.
The crystal guardian is almost destroyed.
The crystal guardian hits you!
The crystal guardian fires a crystalline bolt at you.
The crystal bolt burns the crystal guardian.
The crystal guardian completely resists.
The crystal bolt burns you!! You resist.
* * * LOW HITPOINT WARNING * * *
The crystal guardian closely misses you.
You slash the crystal guardian!
You destroy the crystal guardian!
Trog accepts your kill.
Unknown command.
You hit the crystal guardian but do no damage.
The crystal guardian hits you!
* * * LOW HITPOINT WARNING * * *
You block the crystal guardian's attack.
You hit the crystal guardian but do no damage.
The crystal guardian fires a crystalline bolt at you.
The crystal bolt misses you. The crystal bolt burns you! You resist.
* * * LOW HITPOINT WARNING * * *
The crystal bolt burns the crystal guardian.
The crystal guardian completely resists.
Unknown command.
You slice the crystal guardian!!
The crystal guardian is severely damaged.
The crystal guardian barely misses you.
You hit the crystal guardian but do no damage.
The crystal guardian is severely damaged.
The crystal guardian hits you!!
You die...

#.# ##8#.∩⌠⌠∩.# #.#
##§§§#.∩∩∩..#
#.#+#§§§§§#.∩∩∩∩.#{
#.#§§§§.§§#......#
#.#§§§.§§.###''###
#..§§§§§§.#.♣..♣.#
#########.#......#
.#.#.#8#........#
......8@........#
......8.........#
##+##############


You could see 3 crystal guardians.

Vanquished Creatures
  Frances (D)
  Erolcha (D)
  2 deep elf knights (D)
  2 deep elf zephyrmancers (D)
  2 deep elf pyromancers (D)
  An orc sorcerer (D)
  A crystal guardian (D)
  An orc high priest (D)
  A shadow (D)
  2 redbacks (D)
  A spatial vortex (D)
  3 wandering mushrooms (D)
  2 orc warriors (D)
  A necrophage (D)
  5 two-headed ogres (D)
  A water elemental (D)
  A scorpion (D)
  A jelly (D)
  5 orc priests (D)
  A wizard (D)
  A necromancer (D)
  A kobold demonologist (D)
  3 humans (D)
  An ooze (D)
  4 orcs (D)
  4 rats (D)
49 creatures vanquished.

Vanquished Creatures (collateral kills)
  Donald (D)
  An orc knight (D)
  An orc sorcerer (D)
  An orc warrior (D)
  An orc wizard (D)
  3 orcs (D)
8 creatures vanquished.

Vanquished Creatures (others)
  An orc (D)
  7 plants (D)
8 creatures vanquished.

Grand Total: 65 creatures vanquished

Notes
Turn   | Place    | Note
-------+----------+-------------------------------------------
     0 | D        | mhtbhm the Human Berserker began the quest for the Orb.
     0 | D        | Reached XP level 1. HP: 18/18 MP: 1/1
   128 | D        | Reached ** piety under Trog
   129 | D        | Reached XP level 2. HP: 25/25 MP: 2/2
   151 | D        | Noticed a scorpion
   164 | D        | Reached skill level 4 in Long Blades
   164 | D        | Reached XP level 3. HP: 31/31 MP: 3/3
   212 | D        | Killed a scorpion
   213 | D        | Reached skill level 5 in Fighting
   213 | D        | Reached skill level 5 in Long Blades
   213 | D        | Reached XP level 4. HP: 16/39 MP: 4/4
   230 | D        | Gained mutation: You are somewhat resistant to further
                  | mutation. [potion of mutation]
   488 | D        | Lost mutation: You are somewhat resistant to further
                  | mutation. [potion of mutation]
   488 | D        | Gained mutation: You are partially covered in thin metallic
                  | scales. (AC +2) [potion of mutation]
   488 | D        | Gained mutation: You have a pair of small antennae on your
                  | head. [potion of mutation]
   492 | D        | Noticed a water elemental
   498 | D        | Killed a water elemental
   499 | D        | Reached skill level 6 in Long Blades
   499 | D        | Reached XP level 5. HP: 44/47 MP: 5/5
   604 | D        | Found a radiant altar of Vehumet.
   604 | D        | Found a shimmering blue altar of Sif Muna.
   604 | D        | Found an ancient bone altar of Kikubaaqudgha.
   608 | D        | Reached *** piety under Trog
   609 | D        | Reached skill level 7 in Long Blades
   655 | D        | Found a glowing silver altar of Zin.
   655 | D        | Found a glowing golden altar of the Shining One.
   655 | D        | Found a white marble altar of Elyvilon.
   656 | D        | Noticed a deep elf pyromancer
   661 | D        | Killed a deep elf pyromancer
   661 | D        | Reached **** piety under Trog
   662 | D        | Reached skill level 10 in Long Blades
   662 | D        | Reached skill level 5 in Armour
   662 | D        | Reached skill level 5 in Dodging
   662 | D        | Reached skill level 1 in Stealth
   662 | D        | Reached XP level 6. HP: 45/60 MP: 6/6
   662 | D        | Reached XP level 7. HP: 49/65 MP: 7/7
   816 | D        | Found a hide-covered altar of Uskayaw.
   816 | D        | Found an iron altar of Okawaru.
   816 | D        | Found a bloodstained altar of Trog.
   816 | D        | Found an ornate altar of the Wu Jian Council.
   816 | D        | Noticed a human
   816 | D        | Noticed a human
   821 | D        | Killed a human
   822 | D        | Reached skill level 10 in Fighting
   822 | D        | Reached XP level 8. HP: 72/72 MP: 8/8
   825 | D        | Killed a human
   826 | D        | Reached skill level 11 in Long Blades
   868 | D        | Found a basalt altar of Yredelemnul.
   868 | D        | Found a shadowy altar of Dithmenos.
   868 | D        | Found a sacrificial altar of Ru.
   879 | D        | Reached ***** piety under Trog
   879 | D        | Received a gift from Trog
   894 | D        | Noticed a shadow
   898 | D        | Killed a shadow
   940 | D        | Found a blossoming altar of Fedhas.
   940 | D        | Found a stormy altar of Qazlal.
   940 | D        | Found a snail-covered altar of Cheibriados.
   940 | D        | Found a burning altar of Makhleb.
   940 | D        | Found a shimmering altar of Xom.
   941 | D        | Found a hazy altar of Hepliaklqana.
   941 | D        | Found an opulent altar of Gozag.
   941 | D        | Found a sparkling altar of Nemelex Xobeh.
   941 | D        | Found a corrupted altar of Lugonu.
   941 | D        | Found a viscous altar of Jiyva.
   953 | D        | Reached skill level 12 in Long Blades
  1005 | D        | Reached XP level 9. HP: 50/81 MP: 9/9
  1209 | D        | Noticed a two-headed ogre
  1215 | D        | Killed a two-headed ogre
  1302 | D        | Noticed a two-headed ogre
  1302 | D        | Noticed Erolcha
  1307 | D        | Killed a two-headed ogre
  1308 | D        | Reached skill level 13 in Long Blades
  1313 | D        | Killed Erolcha
  1314 | D        | Reached skill level 14 in Long Blades
  1369 | D        | Reached XP level 10. HP: 51/90 MP: 10/10
  1750 | D        | Reached ****** piety under Trog
  1940 | D        | Noticed Donald
  1941 | D        | Noticed Frances
  1948 | D        | Killed Donald
  1948 | D        | Received a gift from Trog
  1949 | D        | Reached skill level 15 in Long Blades
  1949 | D        | Reached skill level 5 in Stealth
  1959 | D        | Killed Frances
  1960 | D        | Reached skill level 16 in Long Blades
  1960 | D        | Reached XP level 11. HP: 31/99 MP: 11/11
  2278 | D        | Found Daduh's Book Shop.
  2280 | D        | Noticed an orc sorcerer
  2281 | D        | Noticed an orc sorcerer
  2286 | D        | Noticed an orc knight
  2288 | D        | Killed an orc sorcerer
  2296 | D        | Killed an orc sorcerer
  2296 | D        | Received a gift from Trog
  2301 | D        | Killed an orc knight
  2311 | D        | Received a gift from Trog
  2525 | D        | Noticed a deep elf zephyrmancer
  2525 | D        | Noticed a deep elf pyromancer
  2525 | D        | Noticed a deep elf zephyrmancer
  2525 | D        | Noticed a deep elf knight
  2525 | D        | Noticed a deep elf knight
  2535 | D        | Killed a deep elf knight
  2536 | D        | Reached skill level 1 in Shields
  2539 | D        | Killed a deep elf zephyrmancer
  2539 | D        | Received a gift from Trog
  2542 | D        | Killed a deep elf knight
  2543 | D        | Reached skill level 17 in Long Blades
  2543 | D        | Reached skill level 10 in Armour
  2551 | D        | Killed a deep elf zephyrmancer
  2552 | D        | Reached skill level 15 in Fighting
  2557 | D        | Killed a deep elf pyromancer
  2720 | D        | Reached skill level 10 in Dodging
  2723 | D        | Received a gift from Trog
  2787 | D        | Noticed an obsidian statue
  2797 | D        | Found Fubor's Distillery.
  2797 | D        | Found Vuvi's Antique Weapon Shop.
  2797 | D        | Found Dih Cyusair's Magic Scroll Boutique.
  2797 | D        | Found Kocsohed's Antique Weapon Shoppe.
  2797 | D        | Found Komoz's Jewellery Boutique.
  2797 | D        | Found Pyfuut's Armour Emporium.
  2797 | D        | Found Uwejy's Weapon Shoppe.
  2797 | D        | Found Ximibi's Book Shop.
  2797 | D        | Found Ykhyref's Antique Armour Emporium.
  2797 | D        | Found Xivehaed's Assorted Antiques.
  2797 | D        | Found Gygour's Book Boutique.
  2842 | D        | Bought a scroll of enchant armour for 97 gold pieces
  2845 | D        | Bought a glowing scarf for 176 gold pieces
  2856 | D        | Bought a potion of heal wounds for 60 gold pieces
  2856 | D        | Bought a potion of curing for 36 gold pieces
  2856 | D        | Bought a potion of haste for 120 gold pieces
  2864 | D        | Bought a +2 chain mail of fire resistance for 258 gold
                  | pieces
  2878 | D        | Bought a ring of poison resistance for 240 gold pieces
  2878 | D        | Bought an amulet of reflection for 360 gold pieces
  2893 | D        | Noticed a crystal guardian
  2893 | D        | Noticed a crystal guardian
  2893 | D        | Noticed a crystal guardian
  2893 | D        | Noticed a crystal guardian
  2900 | D        | Killed a crystal guardian
  2904 | D        | Mangled by a crystal guardian

Illustrated notes

Levels and vault maps discovered:
D:        dungeon_sprint_mu [sprint_mu_entry_cave, sprint_mu_temple_rooms,
          sprint_mu_d1_spiders, sprint_mu_d2_genie, sprint_mu_d3_branching,
          sprint_mu_orc_legion, sprint_mu_elf_gauntlet, sprint_mu_hive_nellie,
          sprint_mu_lair_fedhas, sprint_mu_vaults_butterflies,
          sprint_mu_slime_circle, sprint_mu_swamp_cave, sprint_mu_shoals_kraken,
          sprint_mu_blade_basic, sprint_mu_crypt_chambers,
          sprint_mu_tomb_spiral, sprint_mu_vestibule_basic,
          sprint_mu_gehenna_hellfire, sprint_mu_dis_giant,
          sprint_mu_tartarus_statrot, sprint_mu_cocytus_islands, sprint_mu_zot1]

Skill      XL: |  1  2  3  4  5  6  7  8  9 10 11 |
---------------+----------------------------------+-----
Fighting       | 4 5 6 9 10 11 12 13 15 | 15.3
Long Blades    | 4 5 6 10 12 14 16 17 | 17.3
Armour         | 3 5 6 7 8 10 | 10.7
Dodging        | 3 5 6 7 8 9 10 | 10.1
Stealth        | 1 2 4 5 6 |  6.1
Shields        | 2 |  2.6

Action                   |  1- 3 |  4- 6 |  7- 9 | 10-12 || total
-------------------------+-------+-------+-------+-------++-------
Melee: Falchion          |    21 |    18 |       |       ||    39
       Long sword        |       |       |    67 |   103 ||   170
Invok: Berserk           |     1 |     3 |     5 |     5 ||    14
       Brothers in Arms  |       |       |       |     3 ||     3
  Use: Potion            |       |     2 |     2 |     1 ||     5
       Scroll            |       |       |       |     2 ||     2
 Stab: Sleeping          |     1 |       |     1 |       ||     2
Armor: Ring mail         |       |       |     9 |    10 ||    19
Dodge: Dodged            |    14 |     6 |    33 |    32 ||    85
Block: Kite shield       |       |       |       |    14 ||    14
       Reflection        |       |       |       |     1 ||     1
       Rpst.: Falchion   |     3 |     2 |       |       ||     5
       Long sword        |       |       |     6 |     7 ||    13

Table legend: (Time is in decaauts)
 A = Elapsed time spent in this place.
 B = Non-inter-level travel time spent in this place.
 C = Inter-level travel time spent in this place.
 D = Time resting spent in this place.
 E = Time spent auto-exploring this place.
 F = Levels seen in this place.
 G = Mean time per level.
                   A        B        C        D        E       F      G
               +--------+--------+--------+--------+--------+-----+--------+
         Total |   2956 |   2956 |      0 |   2166 |     18 |   1 | 2956.0 |
       Dungeon |   2956 |   2956 |      0 |   2166 |     18 |   1 | 2956.0 |
               +--------+--------+--------+--------+--------+-----+--------+

Top non-repeatable levels by time:
       D: 2956 daAuts
